 Dungeon Crawl Stone Soup version 0.24.0-35-gdb84b6a5db (webtiles) character file.

Game seed: 11006256187555731576, levelgen mode: deterministic

44 Iamsoldier the Charmwright (level 3, 0/31 HPs)
             Began as a Gnoll Skald on Nov 20, 2019.
             Slain by an orc priest (6 damage)
             ... on level 3 of the Dungeon.
             The game lasted 00:03:40 (1656 turns).

Iamsoldier the Charmwright (Gnoll Skald)            Turns: 1656, Time: 00:03:41

Health: 0/31       AC:  3    Str: 13    XL:     3   Next: 60%
Magic:  2/9        EV: 14    Int: 20    God:
Gold:   149        SH:  0    Dex: 14    Spells: 3/12 levels left

rFire    . . .     SeeInvis .   a - +0 spear
rCold    . . .     Gourm    .   (no shield)
rNeg     . . .     Faith    .   b - +0 leather armour
rPois    .         Spirit   .   (no helmet)
rElec    .         Reflect  .   (no cloak)
rCorr    .         Harm     .   (no gloves)
MR       .....                  (no boots)
Stlth    ++........             (no amulet)
HPRegen  0.10/turn              n - ring of stealth
MPRegen  0.11/turn              f - +4 ring of intelligence

@: slowed, very slow
A: distributed training, fangs 1, strong nose
a: no special abilities


You were on level 3 of the Dungeon.
You were hungry.

You visited 1 branch of the dungeon, and saw 3 of its levels.

You collected 149 gold pieces.

Inventory:

Hand Weapons
 a - a +0 spear (weapon)
Armour
 b - a +0 leather armour (worn)
Jewellery
 f - a +4 ring of intelligence (right hand)
 n - a ring of stealth (left hand)
 q - an uncursed ring of see invisible {unknown}
Scrolls
 c - a scroll of fog {unknown}
 e - a scroll of identify {unknown}
 h - 2 scrolls of teleportation {unknown}
 i - a scroll of enchant weapon {unknown}
 k - 2 scrolls of remove curse {unknown}
 p - a scroll of fear {unknown}
 r - a scroll of magic mapping {unknown}
Potions
 g - a potion of curing {unknown}
 j - 2 potions of lignification {unknown}
 l - 2 potions of degeneration {unknown}
 m - a potion of heal wounds {unknown}
Comestibles
 d - 4 rations
 o - 5 chunks of flesh


   Skills:
 + Level 4.5 Fighting
 + Level 0.8 Short Blades
 + Level 0.8 Long Blades
 + Level 0.8 Axes
 + Level 0.8 Maces & Flails
 + Level 4.5 Polearms
 + Level 0.8 Staves
 + Level 0.8 Slings
 + Level 0.8 Bows
 + Level 0.8 Crossbows
 + Level 0.8 Throwing
 + Level 2.6 Armour
 + Level 4.5 Dodging
 + Level 0.8 Stealth
 + Level 0.8 Shields
 + Level 0.8 Unarmed Combat
 + Level 5.0 Spellcasting
 + Level 0.5 Conjurations
 + Level 0.5 Hexes
 + Level 5.4 Charms
 + Level 0.5 Summonings
 + Level 0.5 Necromancy
 + Level 0.5 Translocations
 + Level 0.5 Transmutations
 + Level 0.5 Fire Magic
 + Level 0.5 Ice Magic
 + Level 0.5 Air Magic
 + Level 0.5 Earth Magic
 + Level 0.5 Poison Magic
 + Level 1.0 Invocations
 + Level 0.8 Evocations


You had 3 spell levels left.
You knew the following spells:

 Your Spells              Type           Power        Failure   Level  Hunger
a - Infusion              Chrm           ####         1%          1    None
b - Shroud of Golubria    Chrm/Tloc      ###...       6%          2    None
c - Spectral Weapon       Hex/Chrm       ###.....     13%         3    ##.....
d - Regeneration          Chrm/Necr      ###.......   13%         3    ##.....

Your spell library contained the following spells:

 Spells                   Type           Power        Failure   Level  Hunger
 Song of Slaying          Chrm           ####....     2%          2    None


Dungeon Overview and Level Annotations

Branches:
Dungeon (3/15)

Altars:
Fedhas


Innate Abilities, Weirdness & Mutations

Your experience applies equally to all skills.
You have very sharp teeth.
Your uncanny sense of smell can sniff out nearby items.


Message History

You bite the orc priest, but do no damage.
The orc priest is almost dead.
Your spectral weapon completely misses the orc priest.
The orc priest hits you.
* * * LOW HITPOINT WARNING * * *
The orc misses you.
The orc priest looks satisfied for a moment.
You hit the orc priest but do no damage.
The orc priest is almost dead.
Your spectral weapon closely misses the orc priest.
The orc hits you with a +0 short sword.
* * * LOW HITPOINT WARNING * * *
The orc priest closely misses you.
The orc wizard casts a spell.
The orc wizard blinks!
You hit the orc priest but do no damage.
The orc priest is almost dead.
Your spectral weapon hits the orc priest.
The orc completely misses you. The orc priest hits you.
You die...

.....# #. ......# .
.......#. .........
.....^..# ........####
.#.#.......#####
.......<.......##
......##...o@...#
..##.......o###......#
#..o...(.## .###..#
#.........##..# .##
#..........##.#.#
.............#....#
#...............##
#.............#...#
..............# #..#


You could see an orc priest, an orc wizard, an orc and a friendly spectral +0
spear.

Vanquished Creatures
  An ooze (D:2)
  A worm (D:3)
  3 leopard geckos
  5 goblins (D:1)
  5 hobgoblins
  5 kobolds
  3 bats
  3 frilled lizards
  9 rats
35 creatures vanquished.

Notes
Turn   | Place    | Note
-------+----------+-------------------------------------------
     0 | D:1      | Iamsoldier the Gnoll Skald began the quest for the Orb.
     0 | D:1      | Reached XP level 1. HP: 20/20 MP: 6/6
    93 | D:1      | Reached XP level 2. HP: 20/26 MP: 5/7
   171 | D:1      | Learned a level 2 spell: Shroud of Golubria
   711 | D:1      | Reached XP level 3. HP: 30/31 MP: 9/9
   719 | D:1      | Learned a level 3 spell: Spectral Weapon
   723 | D:1      | Learned a level 3 spell: Regeneration
   788 | D:2      | Reached skill level 5 in Spellcasting
  1298 | D:2      | Found a faded altar of an unknown god.
  1315 | D:2      | Found a blossoming altar of Fedhas.
  1520 | D:2      | Reached skill level 1 in Invocations
  1656 | D:3      | Slain by an orc priest

Levels and vault maps discovered:
D:1:      dpeg_arrival_subterranean_lakeside_camping, layout_loops_ring
D:2:      layout_loops_ring, chequers_ecumenical_altar_island,
          fedhas_ov_isle_minmay
D:3:      layout_rooms, gammafunk_ghost_arena, kennysheep_generic_room_13,
          uniq_robin

Skill      XL: |  1  2  3 |
---------------+----------+-----
Spellcasting   | 5 |  5.0
Invocations    | 1 |  1.0
Fighting       | |  4.5
Short Blades   | |  0.8
Long Blades    | |  0.8
Axes           | |  0.8
Maces & Flails | |  0.8
Polearms       | |  4.5
Staves         | |  0.8
Slings         | |  0.8
Bows           | |  0.8
Crossbows      | |  0.8
Throwing       | |  0.8
Armour         | |  2.6
Dodging        | |  4.5
Stealth        | |  0.8
Shields        | |  0.8
Unarmed Combat | |  0.8
Conjurations   | |  0.5
Hexes          | |  0.5
Charms         | |  5.4
Summonings     | |  0.5
Necromancy     | |  0.5
Translocations | |  0.5
Transmutations | |  0.5
Fire Magic     | |  0.5
Ice Magic      | |  0.5
Air Magic      | |  0.5
Earth Magic    | |  0.5
Poison Magic   | |  0.5
Evocations     | |  0.8

Action                   || total
-------------------------++-------
Melee: Spear             ||   142
       Bite              ||    12
 Cast: Infusion          ||     3
       Spectral Weapon   ||     3
       Regeneration      ||     1
 Stab: Sleeping          ||     2
  Eat: Chunk             ||     2
Armor: Leather armour    ||    14
Dodge: Dodged            ||    80
